 Dungeon Crawl Stone Soup version 0.19-a0-188-ga21aea4 (webtiles) character file.

1901 Kidiri the Skirmisher (level 9, -10/117 HPs)
             Began as a Hill Orc Fighter on May 23, 2016.
             Was a Follower of Beogh.
             Mangled by an orc wizard
             ... wielding a +1 dagger of electrocution
              (14 damage)
             ... on level 7 of the Dungeon.
             The game lasted 00:18:26 (7259 turns).

Kidiri the Skirmisher (Hill Orc Fighter)            Turns: 7259, Time: 00:18:27

Health: -10/117    AC: 14    Str: 27    XL:     9   Next: 15%
Magic:  10/10      EV: 10    Int:  8    God:    Beogh [*.....]
Gold:   454        SH: 12    Dex: 10    Spells: 0 memorised, 8 levels left

rFire  . . .     SeeInvis .     a - +0 long sword
rCold  . . .     Gourm    .     b - +0 scale mail
rNeg   . . .     Faith    .     c - +1 shield
rPois  .         Spirit   .     (no helmet)
rElec  .         Dismiss  .     w - +1 cloak
rCorr  .         Reflect  .     (no gloves)
SustAt .         Harm     .     (no boots)
MR     .....                    (no amulet)
Stlth  ..........               s - +1 ring of protection
                                B - +3 ring of protection

@: berserking, slowed, not resistant to hostile enchantments, extremely
unstealthy
A: MP-powered wands
a: Renounce Religion


You were on level 7 of the Dungeon.
You worshipped Beogh.
Beogh was aware of your devotion.
You were very full.

You visited 2 branches of the dungeon, and saw 8 of its levels.

You collected 454 gold pieces.

Inventory:

Hand Weapons
 a - a +0 long sword (weapon)
 l - a +4 quarterstaff of chaos
Missiles
 e - 8 tomahawks
 y - 3 javelins (quivered)
Armour
 b - a +0 scale mail (worn)
 c - a +1 shield (worn)
 w - a +1 cloak (worn)
 G - a +1 ring mail of fire resistance
Jewellery
 h - an uncursed ring of teleportation
 s - a +1 ring of protection (right hand)
 t - an uncursed ring of fire
 u - an uncursed ring of protection from fire
 B - a +3 ring of protection (left hand)
Wands
 g - a wand of flame (16/48)
Scrolls
 d - a scroll of magic mapping
 i - 2 scrolls of teleportation
 k - 2 scrolls of remove curse
 E - 3 scrolls of fog
Potions
 j - 3 potions of brilliance {unknown}
 n - a potion of invisibility
 p - 3 potions of resistance
 v - 3 potions of ambrosia {unknown}
 x - 2 potions of berserk rage
 A - 2 potions of magic {unknown}
 C - a potion of cancellation
Miscellaneous
 D - a plain deck of summoning
Comestibles
 f - 3 bread rations
 m - 3 chunks of flesh
 r - 2 slices of pizza
 z - a beef jerky


   Skills:
 * Level 6.7 Fighting
 * Level 5.2 Long Blades
 + Level 2.7 Throwing
 * Level 6.5 Armour
 * Level 4.0 Dodging
 * Level 5.7 Shields
 + Level 2.1 Invocations
 + Level 2.3 Evocations


You had 8 spell levels left.
You didn't know any spells.

Dungeon Overview and Level Annotations

Branches:
Dungeon (7/15)             Temple (1/1) D:4

Altars:
Cheibriados
Dithmenos
Elyvilon
Gozag
Nemelex Xobeh
Pakellas
Qazlal
Trog
Vehumet
Zin
The Shining One

Shops:
D:4 (


Innate Abilities, Weirdness & Mutations

You expend magic power (3 MP) to strengthen your wands.


Message History

The orc wizard closely misses you.
Unknown command.
Drink which item? (? for menu, Esc to quit)
You feel better.
The orc wizard points at you and mumbles some strange words.
You easily resist.
You block the orc wizard's attack.
You closely miss the orc wizard.
The orc wizard is moderately wounded.
The orc wizard hits you but does no damage.
You are electrocuted!
* * * LOW HITPOINT WARNING * * *
The orc wizard hits you but does no damage.
Drink which item? (? for menu, Esc to quit)
It was a potion of berserk rage.
A red film seems to cover your vision as you go berserk!
You feel yourself moving faster!
You feel mighty!
The orc wizard hits you but does no damage.
You are electrocuted!
You die...
Beogh appreciates the orc wizard's killing of a heretic priest.

#.# #.# #.# #$#
#.#.# #.#.#
#o#.# #@#.#####
##
#.#.##PP♣P≈###
#)#.#≈≈≈≈≈≈≈≈♣
#.#.≈P≈≈≈PP♣♣♣
#...P≈≈P≈≈≈P;≈≈
#....o.........
#...♣≈≈≈≈P≈P≈≈≈
#.###♣o≈≈P≈P≈≈≈
#.# #♣≈≈≈≈P♣≈≈


You could see an orc wizard.

Vanquished Creatures
  The ghost of Lugonue the Magician, a novice DECj (D:6)
  2 ice beasts
  3 ogres
  A centaur (D:7)
  A howler monkey (D:5)
  2 crimson imps
  A quasit (D:4)
  A giant frog skeleton (D:7)
  An orc priest (D:5)
  A jelly (D:7)
  5 orc wizards
  Crazy Yiuf (D:4)
  3 hounds
  4 iguanas
  Ijyb (D:2)
  Terence (D:3)
  Natasha (D:4)
  5 worker ants
  A killer bee zombie (D:6)
  3 hound skeletons
  A worker ant zombie (D:5)
  14 gnolls
  9 adders
  3 oozes
  An adder skeleton (D:6)
  6 worms
  5 dart slugs
  4 giant geckos
  13 orcs
  5 giant cockroaches
  15 goblins
  6 hobgoblins
  8 jackals
  12 kobolds
  2 quokkas
  2 ball pythons (D:3)
  4 bats
  A giant gecko skeleton (D:6)
  3 giant newts
  14 rats
  A fungus (D:1)
168 creatures vanquished.

Vanquished Creatures (others)
  An orc priest (D:4)
  A worker ant (D:4)
  3 orcs (D:4)
  A fungus (D:1)
6 creatures vanquished.

Grand Total: 174 creatures vanquished

Notes
Turn   | Place    | Note
--------------------------------------------------------------
     0 | D:1      | Kidiri the Hill Orc Fighter began the quest for the Orb.
     0 | D:1      | Reached XP level 1. HP: 19/19 MP: 1/1
   144 | D:1      | Reached XP level 2. HP: 26/26 MP: 2/2
   483 | D:1      | Reached XP level 3. HP: 30/33 MP: 3/3
   542 | D:1      | Reached skill level 1 in Dodging
   558 | D:1      | Found a glowing golden altar of the Shining One.
   793 | D:2      | Found a faded altar to an unknown god.
   909 | D:2      | Reached XP level 4. HP: 38/40 MP: 4/4
  1307 | D:2      | Noticed Ijyb
  1320 | D:2      | Killed Ijyb
  1320 | D:2      | Reached XP level 5. HP: 43/46 MP: 5/5
  1825 | D:2      | Found a bloodstained altar of Trog.
  2234 | D:3      | Reached skill level 1 in Throwing
  2234 | D:3      | Reached XP level 6. HP: 20/53 MP: 6/6
  2481 | D:3      | Noticed Terence
  2482 | D:3      | Found a stormy altar of Qazlal.
  2495 | D:3      | Killed Terence
  2522 | D:3      | Gained mutation: You expend magic power (3 MP) to strengthen your wands. [potion of mutation]
  2522 | D:3      | Gained mutation: Your mind is acute. (Int +2) [potion of mutation]
  2522 | D:3      | Lost mutation: Your mind is acute. (Int +2) [potion of mutation]
  3007 | D:3      | Reached skill level 5 in Fighting
  3379 | D:4      | Reached XP level 7. HP: 39/61 MP: 7/7
  3781 | D:4      | Became a worshipper of Beogh the Brigand
  3792 | D:4      | Reached skill level 5 in Armour
  3964 | D:4      | Noticed Natasha
  3970 | D:4      | Killed Natasha
  4039 | D:4      | Found Atearuom's Weapon Shop.
  4248 | D:4      | Found a staircase to the Ecumenical Temple.
  4346 | D:4      | Noticed Crazy Yiuf
  4357 | D:4      | Killed Crazy Yiuf
  4357 | D:4      | Reached skill level 5 in Shields
  4605 | D:4      | Reached XP level 8. HP: 62/70 MP: 8/8
  4770 | Temple   | Entered the Ecumenical Temple
  4988 | D:5      | Entered Level 5 of the Dungeon
  5311 | D:5      | Found a sparkling altar of Nemelex Xobeh.
  5364 | D:5      | Reached skill level 1 in Invocations
  6100 | D:6      | Reached skill level 1 in Evocations
  6154 | D:6      | Found an opulent altar of Gozag.
  6295 | D:6      | Noticed Lugonue's ghost (novice DECj)
  6314 | D:6      | Killed Lugonue's ghost
  6314 | D:6      | Reached skill level 5 in Long Blades
  6531 | D:6      | Reached XP level 9. HP: 78/78 MP: 10/10
  7006 | D:7      | Reached * piety under Beogh
  7174 | D:7      | Found a snail-covered altar of Cheibriados.
  7258 | D:7      | HP: 2/78 [orc wizard/dagger of electrocution (8)]
  7259 | D:7      | Mangled by an orc wizard

Vault maps used:
D:1:      kennysheep_arrival_forest, st_stairs_3, minmay_gold_behind_fungi,
          minivault_19, tso_metal_star
D:2:      kennysheep_goblin_castle, lemuel_crystal_altar, ecumenical_altar_2
D:3:      nicolae_qazlal_general_emergency, first_bread, uniq_terence
D:4:      minmay_temple_entry_nine_rooms, serial_shops, kennysheep_little_box,
          uniq_natasha, uniq_crazy_yiuf_cottage
D:5:      nemelex_deck
D:6:      basic_altar
D:7:      marbit_many_paths, minitemple, kennysheep_mini, serial_bayou_lagoon_b
Temple:   hc_temple_tempest_star_small

Skill      XL: |  1  2  3  4  5  6  7  8  9 |
---------------+----------------------------+-----
Dodging        | 1 2 3 4 |  4.0
Fighting       | 4 5 6 |  6.7
Long Blades    | 3 4 5 |  5.2
Armour         | 4 5 6 |  6.5
Shields        | 4 5 |  5.7
Throwing       | 1 2 |  2.7
Invocations    | 2 |  2.1
Evocations     | 2 |  2.3

Action                   |  1- 3 |  4- 6 |  7- 9 || total
-------------------------+-------+-------+-------++-------
Melee: Long sword        |   132 |   307 |   421 ||   860
Throw: Javelin           |       |       |     1 ||     1
Invok: Convert to Beogh  |       |       |     1 ||     1
  Use: Scroll            |       |     5 |    19 ||    24
       Potion            |       |     2 |     7 ||     9
  Eat: Chunk             |       |     9 |     6 ||    15
       Bread ration      |       |       |     1 ||     1
       Fruit             |       |       |    12 ||    12
Armor: Scale mail        |    53 |   152 |   181 ||   386
Dodge: Dodged            |    30 |   108 |   182 ||   320
Block: Shield            |    77 |   146 |   310 ||   533
